 Dungeon Crawl Stone Soup version 0.18.1-8-gdd0e5ea (webtiles) character file.

1049 Lathuz the Destroyer (level 8, -2/41 HPs)
             Began as a Deep Elf Conjurer on May 25, 2016.
             Was a Follower of Vehumet.
             Slain by Blork the orc
             ... wielding a +5 trident of protection
              (10 damage)
             ... on level 6 of the Dungeon.
             The game lasted 00:18:34 (7270 turns).

Lathuz the Destroyer (Deep Elf Conjurer)            Turns: 7270, Time: 00:18:35

Health: -2/41      AC:  4    Str:  5    XL:     8   Next: 5%
Magic:  0/17       EV: 13    Int: 23    God:    Vehumet [*.....]
Gold:   257        SH:  0    Dex: 15    Spells: 4 memorised, 5 levels left

rFire  . . .     SeeInvis .     w - +3 hand axe (freeze)
rCold  . . .     Gourm    .     a - +0 robe
rNeg   . . .     Faith    .     (no shield)
rPois  .         Spirit   .     (no helmet)
rElec  .         Dismiss  .     y - +1 cloak
rCorr  .         Reflect  .     (no gloves)
SustAt +         Harm     .     (no boots)
MR     +....                    (no amulet)
Stlth  ++........               A - ring of protection from magic
                                h - ring of sustain attributes

@: somewhat resistant to hostile enchantments, unstealthy
A: no striking features
a: Renounce Religion


You were on level 6 of the Dungeon.
You worshipped Vehumet.
Vehumet was aware of your devotion.
You were hungry.

You visited 1 branch of the dungeon, and saw 6 of its levels.

You collected 277 gold pieces.
You spent 20 gold pieces at shops.

Inventory:

Hand Weapons
 w - a +3 hand axe of freezing (weapon)
Missiles
 d - 110 stones (quivered)
Armour
 a - a +0 robe (worn)
 y - a +1 cloak (worn)
Jewellery
 h - a ring of sustain attributes (left hand)
 A - a ring of protection from magic (right hand)
Wands
 o - a wand of slowing (25/48)
Scrolls
 e - 2 scrolls of immolation
 g - a scroll of amnesia
 i - a scroll of enchant weapon
 j - 5 scrolls of identify
 n - a scroll of enchant armour
Potions
 k - a potion of degeneration {unknown}
 l - a potion of lignification {unknown}
 m - a potion of heal wounds
 p - 2 potions of magic {unknown}
 q - a potion of agility {unknown}
 s - 2 potions of curing
 x - a potion of cancellation {unknown}
 z - a potion of flight {unknown}
 B - 2 potions of might {unknown}
 C - a potion of haste {unknown}
Books
 b - a book of Conjurations

   Spells                             Type                      Level
   a - Magic Dart                     Conjuration                  1
   b - Searing Ray                    Conjuration                  2
   c - Dazzling Spray                 Conjuration/Hexes            3
   d - Fulminant Prism                Conjuration/Hexes            4
   e - Iskenderun's Mystic Blast      Conjuration                  4
   f - Iskenderun's Battlesphere      Conjuration/Charms           5
Comestibles
 c - 4 bread rations
 f - 3 meat rations
 t - 4 fruits


   Skills:
 - Level 2.4 Dodging
 - Level 2.4 Stealth
 + Level 5.1 Spellcasting
 - Level 9.3 Conjurations
 * Level 5.9 Hexes


You had 5 spell levels left.
You knew the following spells:

 Your Spells              Type           Power        Failure   Level  Hunger
a - Magic Dart            Conj           ####         1%          1    None
b - Searing Ray           Conj           #####.       1%          2    None
c - Fulminant Prism       Conj/Hex       #####.....   6%          4    ####...
d - Iskenderun's Battles  Conj/Chrm      ####....     45%         5    #####..


Dungeon Overview and Level Annotations

Branches:
Dungeon (6/15)             Temple (0/1) D:4

Altars:
Ashenzari
Elyvilon
Fedhas
Gozag
Kikubaaqudgha
Nemelex Xobeh
Okawaru
Pakellas
Vehumet
Xom
Zin

Shops:
D:5 *

Annotations:
D:6 Blork the orc, Eustachio


Message History

Okay, then.
Found 10 sling bullets.
Your magical contamination has completely faded away.
Found 13 stones.
Casting: Fulminant Prism
Confirm with . or Enter, or press ? or * to list all spells.
You can't see any susceptible monsters within range! (Use Z to cast anyway.)
Casting: Fulminant Prism
Confirm with . or Enter, or press ? or * to list all spells.
You can't see any susceptible monsters within range! (Use Z to cast anyway.)
Casting: Fulminant Prism
Confirm with . or Enter, or press ? or * to list all spells.
Aiming: Magic Dart
Press: ? - help, Shift-Dir - straight line The magic dart hits something.
Something hits you! Something hits you.
* * * LOW HITPOINT WARNING * * *
Something hits you.
* * * LOW HITPOINT WARNING * * *
You barely miss something. Something hits you!
You die... oP.

=. .._P. #..... ...$.
..#. #....###...## # #.P
....##..... .#
#.#######.......# ...
..#...$.........# ..(.
.#..### #....)..# .....
..^...###.......###......
#.###..........{@....$...
.........................
...######.......###......
...# ######### ......
#### ....( #####


There were no monsters in sight!

Vanquished Creatures
  2 sky beasts
  An ogre (D:5)
  A centaur (D:5)
  A giant frog zombie (D:6)
  A jelly (D:5)
  2 quasits
  2 orc priests (D:5)
  A hound (D:5)
  4 orc wizards
  2 iguanas
  2 worker ants
  A hound skeleton (D:5)
  7 gnolls
  5 adders
  A shadow imp (D:5)
  4 oozes
  An adder skeleton (D:4)
  6 worms
  2 dart slugs (D:2)
  6 giant geckos
  10 orcs
  5 bats
  5 giant cockroaches
  5 goblins
  6 hobgoblins
  9 jackals
  2 quokkas
  3 giant newts
  8 kobolds
  4 rats
  A plant (D:4)
110 creatures vanquished.

Vanquished Creatures (others)
  21 fulminant prisms
  14 toadstools (D:1)
35 creatures vanquished.

Grand Total: 145 creatures vanquished

Notes
Turn   | Place    | Note
--------------------------------------------------------------
     0 | D:1      | Lathuz the Deep Elf Conjurer began the quest for the Orb.
     0 | D:1      | Reached XP level 1. HP: 10/10 MP: 6/6
   153 | D:1      | Reached skill level 5 in Conjurations
   153 | D:1      | Reached XP level 2. HP: 15/15 MP: 2/8
  1085 | D:2      | Reached XP level 3. HP: 19/19 MP: 3/9
  1149 | D:2      | Learned a level 2 spell: Searing Ray
  1448 | D:2      | Found an iron altar of Okawaru.
  1623 | D:2      | Reached skill level 6 in Conjurations
  1685 | D:2      | Reached XP level 4. HP: 18/24 MP: 6/10
  1867 | D:2      | Found a sparkling altar of Nemelex Xobeh.
  2189 | D:2      | Found a glowing silver altar of Zin.
  2530 | D:3      | Learned a level 4 spell: Fulminant Prism
  2781 | D:3      | Reached skill level 7 in Conjurations
  2781 | D:3      | Reached XP level 5. HP: 28/28 MP: 5/11
  3165 | D:3      | Found a white marble altar of Elyvilon.
  3167 | D:3      | Found an opulent altar of Gozag.
  3167 | D:3      | Found an oddly glowing altar of Pakellas.
  3167 | D:3      | Found a radiant altar of Vehumet.
  3168 | D:3      | Found a shattered altar of Ashenzari.
  3175 | D:3      | Became a worshipper of Vehumet
  3373 | D:3      | Noticed a sky beast
  3383 | D:3      | Killed a sky beast
  3383 | D:3      | Reached skill level 8 in Conjurations
  3383 | D:3      | Reached XP level 6. HP: 32/32 MP: 1/12
  3939 | D:4      | Found a blossoming altar of Fedhas.
  3941 | D:4      | Found an ancient bone altar of Kikubaaqudgha.
  4316 | D:4      | Found a staircase to the Ecumenical Temple.
  4969 | D:5      | Entered Level 5 of the Dungeon
  5015 | D:5      | Found Ypluh's General Store.
  5018 | D:5      | Bought a scroll of identify for 20 gold pieces
  5212 | D:5      | Noticed a sky beast
  5225 | D:5      | Killed a sky beast
  5225 | D:5      | Reached skill level 9 in Conjurations
  5225 | D:5      | Reached XP level 7. HP: 10/36 MP: 3/13
  5232 | D:5      | Learned a level 5 spell: Iskenderun's Battlesphere
  5504 | D:5      | Reached skill level 1 in Hexes
  5553 | D:5      | Reached * piety under Vehumet
  5553 | D:5      | Offered knowledge of Sandblast by Vehumet.
  6754 | D:5      | Reached skill level 5 in Hexes
  7034 | D:6      | Reached skill level 5 in Spellcasting
  7051 | D:6      | Reached XP level 8. HP: 41/41 MP: 7/17
  7052 | D:6      | Noticed Blork the orc
  7052 | D:6      | Noticed Eustachio
  7202 | D:6      | Found a shimmering altar of Xom.
  7270 | D:6      | Slain by Blork the orc

Skill      XL: |  1  2  3  4  5  6  7 |
---------------+----------------------+-----
Conjurations   | 5 6 7 8 9 |  9.3
Hexes          | 5 |  5.9
Spellcasting   | 5 |  5.1
Dodging        | |  2.4
Stealth        | |  2.4

Action                   |  1- 3 |  4- 6 |  7- 9 || total
-------------------------+-------+-------+-------++-------
Melee: Short sword       |       |    13 |       ||    13
       Hand axe          |       |    27 |     4 ||    31
 Cast: Magic Dart        |    75 |   124 |    51 ||   250
       Searing Ray       |     1 |     5 |     3 ||     9
       Fulminant Prism   |       |     6 |    15 ||    21
  Use: Scroll            |       |    13 |       ||    13
       Potion            |       |       |     2 ||     2
  Eat: Chunk             |     1 |    12 |     6 ||    19
       Beef jerky        |     1 |       |       ||     1
       Fruit             |       |       |     2 ||     2
Armor: Robe              |       |    10 |     2 ||    12
Dodge: Dodged            |     2 |    18 |    23 ||    43
